 Dungeon Crawl Stone Soup version 0.30-a0-313-gae38170b09 (webtiles) character file.

Game seed: 16930124283786211237

67 scionoferis the Charlatan (level 3, 0/18 HPs)
             Began as a Spriggan Artificer on Oct 26, 2022.
             Succumbed to an adder's poison
             ... on level 2 of the Dungeon.
             The game lasted 00:06:39 (1618 turns).

scionoferis the Charlatan (Spriggan Artificer)      Turns: 1618, Time: 00:06:39

Health: 0/18       AC:  2    Str: 14    XL:     3   Next: 98%
Magic:  4/4        EV: 18    Int: 12    God:
Gold:   43         SH:  0    Dex: 17    Spells: 0/2 levels left

rFire   . . .      SeeInvis +    a - +0 dagger
rCold   . . .      Faith    .    (no shield)
rNeg    . . .      Spirit   .    n - +0 robe
rPois   .          Reflect  .    (helmet restricted)
rElec   .          Harm     .    (no cloak)
rCorr   .          Rampage  .    (gloves unavailable)
Will    .....                    (boots unavailable)
Stlth   ++........               f - amulet of magic regeneration
HPRegen 0.23/turn                o - +6 ring of strength
MPRegen 0.49/turn                (no ring)

@: lethally poisoned (0 -> -1), invisible, very quick
A: very small, no large weapons, unfitting armour, see invisible, speed 3
a: no special abilities


You were on level 2 of the Dungeon.
You visited 1 branch of the dungeon, and saw 2 of its levels.

You collected 43 gold pieces.

Inventory:

Hand Weapons
 a - a +0 dagger (weapon)
 b - a +0 sling
Missiles
 i - 3 boomerangs
Armour
 n - a +0 robe (worn)
Jewellery
 f - an amulet of magic regeneration (around neck)
 o - a +6 ring of strength (left hand)
Wands
 c - a wand of flame (13) (quivered)
 d - a wand of charming (15)
 e - a wand of iceblast (5)
 g - a wand of acid (6)
Scrolls
 h - a scroll of immolation {unknown}
 j - a scroll of blinking {unknown}
 l - a scroll of noise {unknown}
 m - a scroll of identify {unknown}


   Skills:
 * Level 2.0 Fighting
 * Level 1.8 Short Blades
 + Level 3.6 Dodging
 + Level 2.6 Stealth
 + Level 4.3 Evocations


You couldn't memorise any spells.
You knew the following spells:

 Your Spells              Type           Power      Damage    Failure   Level
a - Blink                 Tloc           0%         N/A       45%         2

Your spell library contained the following spells:

 Spells                   Type           Power      Damage    Failure   Level
 Manifold Assault         Tloc           0%         N/A       97%         4
 Storm Form               Tmut/Air       0%         N/A       100%        7


Dungeon Overview and Level Annotations

Branches:
Dungeon (2/15)

Altars:

Shops:
D:2 [


Innate Abilities, Weirdness & Mutations

You are very small and have problems with some larger weapons.
You are too small for most types of armour.
You have supernaturally acute eyesight. (SInv)
You cover ground extremely quickly. (Speed+++)


Message History

The adder is heavily wounded.
You feel sick. The adder closely misses you. The adder barely misses you.
There is an open door here.
You feel sick. The adder misses you.
You completely miss the adder.
The adder is heavily wounded.
You feel sick. The adder bites you.
You hit the adder.
The adder is severely wounded.
You feel sick. The adder bites you.
You are lethally poisoned!
The adder poisons you!
It was a potion of invisibility.
You fade into invisibility!
You feel sick. The adder misses you.
You miss the adder.
The adder is severely wounded.
* * * LOW HITPOINT WARNING * * *
You feel sick. The adder barely misses you. The adder closely misses you.
You hit the adder but do no damage.
The adder is severely wounded.
* * * LOW HITPOINT WARNING * * *
You feel sick. The adder misses you.
You hit the adder.
The adder is almost dead.
* * * LOW HITPOINT WARNING * * *
You feel sick. The adder barely misses you.
You hit the adder.
You kill the adder!
* * * LOW HITPOINT WARNING * * *
You feel sick.
Your Fighting skill increases to level 2!
* * * LOW HITPOINT WARNING * * *
You feel sick.
You aren't carrying any potions.
* * * LOW HITPOINT WARNING * * *
You feel sick.
You see here 2 stones.
A hobgoblin comes into view.
You die...

# # ##.##.. #.
.#....###..g
##....###.....
#.B.###......#
#.###......#
#'#.(.@..#
#......###
##......##
##......##
##......##
##......##
##......##
##......##
##......##


You could see a hobgoblin (asleep).

Vanquished Creatures
  2 adders (D:2)
  4 dart slugs
  An endoplasm (D:1)
  5 giant cockroaches (D:1)
  3 hobgoblins
  2 jackals (D:1)
  8 kobolds
  A quokka (D:1)
  3 ball pythons
  5 bats (D:1)
  2 frilled lizards (D:1)
  2 goblins (D:1)
  4 rats
42 creatures vanquished.

Vanquished Creatures (others)
  17 plants (D:1)
17 creatures vanquished.

Grand Total: 59 creatures vanquished

Notes
Turn   | Place    | Note
-------+----------+-------------------------------------------
     0 | D:1      | scionoferis the Spriggan Artificer began the quest for the
                  | Orb.
     0 | D:1      | Reached XP level 1. HP: 9/9 MP: 2/2
    76 | D:1      | Reached skill level 1 in Fighting
   170 | D:1      | Reached XP level 2. HP: 14/14 MP: 3/3
   329 | D:1      | Reached skill level 1 in Short Blades
   778 | D:1      | Reached XP level 3. HP: 10/18 MP: 4/4
   781 | D:1      | Learned a level 2 spell: Blink
  1393 | D:2      | Found Retzotho's Armour Emporium.
  1618 | D:2      | Succumbed to an adder's poison

Illustrated notes

Levels and vault maps discovered:
D:1:      matt_arrival_refuge, layout_rooms, lexackson_kobold_supper
D:2:      minmay_razor_zed, layout_loops_ring, serial_shops,
          nicolae_shop_advertising_works [nicolae_subvault_shop_adworks]

Skill      XL: |  1  2  3 |
---------------+----------+-----
Fighting       | 1 2 |  2.0
Stealth        | 2 |  2.6
Short Blades   | 1 |  1.8
Dodging        | |  3.6
Evocations     | |  4.3

Action                   || total
-------------------------++-------
Melee: Dagger            ||   227
       Club              ||    15
       Punch             ||     5
 Fire: Sling             ||     5
Evoke: Wand              ||     2
  Use: Potion            ||     1
 Stab: Sleeping          ||     4
       Distracted        ||     1
Armor: Robe              ||    18
Dodge: Dodged            ||   199

Table legend: (Time is in decaauts)
 A = Elapsed time spent in this place.
 B = Non-inter-level travel time spent in this place.
 C = Inter-level travel time spent in this place.
 D = Time resting spent in this place.
 E = Time spent auto-exploring this place.
 F = Levels seen in this place.
 G = Mean time per level.
                   A        B        C        D        E       F      G
               +--------+--------+--------+--------+--------+-----+--------+
         Total |   1171 |   1131 |     40 |     25 |    577 |   2 |  585.5 |
       Dungeon |   1171 |   1131 |     40 |     25 |    577 |   2 |  585.5 |
               +--------+--------+--------+--------+--------+-----+--------+

Top non-repeatable levels by time:
     D:1: 868 daAuts
     D:2: 302 daAuts
